 Dungeon Crawl Stone Soup version 0.28-a0-1518-gbe868bca14 (webtiles) character file.

Game seed: 10634615643394976992

286 flotson the Ducker (level 6, -1/47 HPs)
             Began as a Demonspawn Gladiator on Jan 17, 2022.
             Slain by an orc (5 damage)
             ... on level 3 of the Dungeon.
             The game lasted 00:02:47 (2311 turns).

flotson the Ducker (Demonspawn Gladiator)           Turns: 2311, Time: 00:02:48

Health: -1/47      AC:  9    Str: 17    XL:     6   Next: 8%
Magic:  6/6        EV: 12    Int:  9    God:
Gold:   132        SH:  0    Dex: 14    Spells: 5/5 levels left

rFire   . . .      SeeInvis .   b - +3 scythe (flame)
rCold   . . .      Faith    .   (shield currently unavailable)
rNeg    . . .      Spirit   .   k - +0 ring mail
rPois   .          Reflect  .   (helmet restricted)
rElec   .          Harm     .   j - +0 cloak
rCorr   .          Rampage  .   u - +0 pair of gloves
Will    .....                   (no boots)
Stlth   +.........              (no amulet)
HPRegen 0.15/turn               (no ring)
MPRegen 0.10/turn               (no ring)

@: no status effects
A: horns 1, thin metallic scales 1, demonic magic 1
a: no special abilities


You were on level 3 of the Dungeon.
You visited 1 branch of the dungeon, and saw 3 of its levels.

You collected 132 gold pieces.

Inventory:

Hand Weapons
 a - a +0 war axe
 b - a +3 scythe of flaming (weapon)
Missiles
 d - 2 throwing nets (quivered)
 s - 7 boomerangs
 v - 5 poisoned darts
Armour
 j - a +0 cloak (worn)
 k - a +0 ring mail (worn)
 u - a +0 pair of gloves (worn)
Scrolls
 f - 3 scrolls of identify {unknown}
 g - a scroll of teleportation {unknown}
 h - 2 scrolls of magic mapping {unknown}
 i - a scroll of noise {unknown}
 o - a scroll of silence {unknown}
 q - a scroll of immolation
 t - a scroll of blinking {unknown}
Potions
 c - a potion of lignification {unknown}
 e - a potion of brilliance {unknown}
 l - a potion of might {unknown}
 m - a potion of flight {unknown}
 n - a potion of curing {unknown}
 p - a potion of heal wounds {unknown}
 r - a potion of ambrosia {unknown}


   Skills:
 + Level 3.3 Fighting
 + Level 3.6 Axes
 + Level 3.0 Throwing
 + Level 2.2 Armour
 + Level 3.6 Dodging


You had 5 spell levels left.
You didn't know any spells.
Your spell library contained the following spells:

 Spells                   Type           Power      Damage    Failure   Level
 Ignite Poison            Fire/Tmut/Pois 0%         N/A       91%         3
 Mephitic Cloud           Conj/Pois/Air  0%         N/A       91%         3
 Freezing Cloud           Conj/Ice/Air   0%         6-21      100%        5


Dungeon Overview and Level Annotations

Branches:
Dungeon (3/15)

Altars:
Dithmenos
Ru


Innate Abilities, Weirdness & Mutations

You have a pair of small horns on your head.
You are partially covered in thin metallic scales. (AC +2)
Spells you cast may paralyse adjacent enemies.


Message History

Unknown command.
You are too injured to fight recklessly!
Unknown command.
You are too injured to fight recklessly!
You closely miss the orc priest.
The orc priest is lightly wounded.
The orc priest hits you but does no damage.
The orc priest misses you.
You completely miss the orc priest. You headbutt the orc priest.
The orc priest is moderately wounded.
The orc priest hits you but does no damage.
You closely miss the orc. The orc hits you with a +0 club.
* * * LOW HITPOINT WARNING * * *
The orc priest begins to cast a cantrip, but forgets the words!
The orc hits you with a +0 club.
* * * LOW HITPOINT WARNING * * *
Unknown command.
You hit the orc. You burn the orc.
The orc is almost dead.
The orc hits you with a +0 club.
* * * LOW HITPOINT WARNING * * *
The orc barely misses you.
You slash the orc! You burn the orc.
You kill the orc!
The orc priest hits you but does no damage.
You barely miss the orc priest.
The orc priest is moderately wounded.
The orc priest hits you with a +0 dagger.
* * * LOW HITPOINT WARNING * * *
You slash the orc priest! You burn the orc priest.
You kill the orc priest!
Your Throwing skill increases to level 3!
You have reached level 6!
Your demonic ancestry asserts itself...
Thin metallic scales grow over part of your body.
You hit the orc. You burn the orc.
You kill the orc!
The orc closely misses you.
You closely miss the orc. The orc hits you with a +0 flail.
You die...

###### ......#
#####.# ....#.# ##
###.#.# #.#
..#.#.###########.#
#.#.............@#
#.......#########o#
###....## #o#
≈≈#.).## .# .≈#.#.#
. .≈###.# .#
.≈###'## #
.≈##...##
.≈#.....##♣#


You could see 2 orcs.

Vanquished Creatures
  Sigmund (D:2)
  An orc priest (D:3)
  An orc wizard (D:3)
  3 adders
  A dart slug (D:1)
  7 orcs (D:3)
  5 bats
  2 endoplasms
  2 giant cockroaches
  A hobgoblin (D:3)
  3 kobolds
  4 quokkas
  4 frilled lizards
  3 goblins
  2 rats (D:1)
40 creatures vanquished.

Notes
Turn   | Place    | Note
-------+----------+-------------------------------------------
     0 | D:1      | flotson the Demonspawn Gladiator began the quest for the
                  | Orb.
     0 | D:1      | Reached XP level 1. HP: 16/16 MP: 1/1
   416 | D:1      | Gained mutation: Spells you cast may paralyse adjacent
                  | enemies. [demonic ancestry]
   416 | D:1      | Reached XP level 2. HP: 22/22 MP: 2/2
   626 | D:2      | Found a shadowy altar of Dithmenos.
   817 | D:2      | Noticed Sigmund
   918 | D:2      | Killed Sigmund
   919 | D:2      | Reached skill level 1 in Armour
   919 | D:2      | Reached XP level 3. HP: 29/29 MP: 3/3
   919 | D:2      | Reached XP level 4. HP: 35/35 MP: 4/4
   919 | D:2      | Gained mutation: You have a pair of small horns on your
                  | head. [demonic ancestry]
   919 | D:2      | Reached XP level 5. HP: 41/41 MP: 5/5
  1249 | D:3      | Found a sacrificial altar of Ru.
  1386 | D:3      | Found a faded altar of an unknown god.
  2310 | D:3      | Gained mutation: You are partially covered in thin metallic
                  | scales. (AC +2) [demonic ancestry]
  2310 | D:3      | Reached XP level 6. HP: 4/47 MP: 6/6
  2311 | D:3      | Slain by an orc

Illustrated notes

Levels and vault maps discovered:
D:1:      roderic_crossed_star, layout_loops_ring, minmay_box_of_dots
D:2:      layout_basic, basic_altar, chequers_mini_garden, uniq_sigmund
D:3:      layout_loops_corners, nicolae_ru_awakened_eye,
          hellmonk_ecumenical_altar_blasted, grunt_ministairs_8, dk_vineyard_1

Skill      XL: |  1  2  3  4  5 |
---------------+----------------+-----
Throwing       | 2 3 |  3.0
Fighting       | 3 |  3.3
Axes           | 3 |  3.6
Armour         | 1 2 |  2.2
Dodging        | 3 |  3.6

Action                   |  1- 3 |  4- 6 || total
-------------------------+-------+-------++-------
Melee: War axe           |    53 |       ||    53
       Punch             |     2 |       ||     2
       Scythe            |       |    62 ||    62
       Headbutt          |       |     5 ||     5
Throw: Throwing net      |     1 |       ||     1
 Stab: Sleeping          |     1 |       ||     1
       Held in net/web   |     1 |       ||     1
Armor: Leather armour    |    21 |       ||    21
       Ring mail         |     1 |    22 ||    23
Dodge: Dodged            |    44 |    39 ||    83

Table legend: (Time is in decaauts)
 A = Elapsed time spent in this place.
 B = Non-inter-level travel time spent in this place.
 C = Inter-level travel time spent in this place.
 D = Time resting spent in this place.
 E = Time spent auto-exploring this place.
 F = Levels seen in this place.
 G = Mean time per level.
                   A        B        C        D        E       F      G
               +--------+--------+--------+--------+--------+-----+--------+
         Total |   2387 |   2251 |    136 |     39 |   1815 |   3 |  795.7 |
       Dungeon |   2387 |   2251 |    136 |     39 |   1815 |   3 |  795.7 |
               +--------+--------+--------+--------+--------+-----+--------+

Top non-repeatable levels by time:
     D:3: 1139 daAuts
     D:1: 670 daAuts
     D:2: 577 daAuts
